 Dungeon Crawl Stone Soup version 0.29.0-4-gdea44cf6ec (webtiles) character file.

Game seed: 6608215429781973334

35 qw the Chopper (level 3, 0/21 HPs)
             Began as a Tengu Warper on Aug 28, 2022.
             Slain by a gnoll
             ... wielding a +0 club
             ... led by a gnoll bouda
              (6 damage)
             ... on level 3 of the Dungeon.
             The game lasted 00:00:08 (1925 turns).

qw the Chopper (Tengu Warper)                       Turns: 1925, Time: 00:00:08

Health: 0/21       AC:  3    Str: 13    XL:     3   Next: 35%
Magic:  7/7        EV: 12    Int: 13    God:
Gold:   92         SH:  0    Dex: 13    Spells: 6/6 levels left

rFire   . . .      SeeInvis .   Y - +0 hand axe
rCold   . . .      Faith    .   (no shield)
rNeg    . . .      Spirit   .   b - +0 leather armour
rPois   .          Reflect  .   (helmet restricted)
rElec   .          Harm     .   (no cloak)
rCorr   .          Rampage  .   (no gloves)
Will    .....                   (boots unavailable)
Stlth   +.........              (no amulet)
HPRegen 0.07/turn               (no ring)
MPRegen 0.10/turn               (no ring)

@: weak-willed
A: beak, talons 3
a: no special abilities


You were on level 3 of the Dungeon.
You visited 1 branch of the dungeon, and saw 3 of its levels.

You collected 92 gold pieces.


Innate Abilities, Weirdness & Mutations

You have a beak for a mouth.
You have claws for feet.


   Skills:
 - Level 2.0 Fighting
 + Level 4.1 Axes
 - Level 1.0 Throwing
 - Level 1.1 Armour
 - Level 2.1 Dodging
 - Level 2.0 Spellcasting
 - Level 2.4 Translocations


You had 6 spell levels left.
You didn't know any spells.
Your spell library contained the following spells:

 Spells                   Type           Power      Damage    Failure   Level
 Blink                    Tloc           14%        N/A       19%         2
 Gell's Gravitas          Tloc           7%         N/A       36%         3
 Lesser Beckoning         Tloc           7%         N/A       36%         3
 Teleport Other           Tloc           7%         N/A       36%         3
 Manifold Assault         Tloc           7%         N/A       98%         5

Inventory:

Hand Weapons
 f - a +0 mace
 Y - a +0 hand axe (weapon)
Missiles
 d - a javelin (quivered)
Armour
 b - a +0 leather armour (worn)
Potions
 c - a potion of brilliance {unknown}
 e - a potion of curing {unknown}
 h - a potion of attraction {unknown}

Dungeon Overview and Level Annotations

Branches:
Dungeon (3/15)

Altars:
Wu Jian

Annotations:
D:2 1 runed translucent door, Crazy Yiuf
D:3 Robin


Message History

Robin of the Strong Arm comes into view.
They are wielding a +0 dagger.
You hear a shout! x2
A goblin, a hobgoblin and a gnoll come into view.
The goblin shouts!
A giant cockroach comes into view.
A gnoll comes into view. It is wielding a +0 spear.
A gnoll bouda comes into view. It is wielding a +0 whip.
The gnoll moves out of view.
The gnoll shouts!
A rat comes into view.
Robin throws the goblin at you!
The gnoll bouda shouts!
You slash the goblin!
You kill the goblin!
You hear a shout!
A gnoll comes into view. It is wielding a +0 spear.
The gnoll hits you from afar with a +0 spear.
A gnoll comes into view. It is wielding a +0 club.
The gnoll bouda barks out a call to the hunt!
The gnolls pick up the pace!
A goblin comes into view. It is wielding a +0 club.
The gnoll shouts!
A worm and an endoplasm come into view.
Found a sling.
The gnoll hits you with a +0 spear.
You see here a +0 dagger.
The goblin shouts!
The endoplasm quivers.
You slash the gnoll! Your kick misses the gnoll.
The gnoll is heavily wounded.
You closely miss the gnoll.
You hear a shout!
You hear an angry hiss.
The gnoll closely misses you.
The gnoll hits you from afar with a +0 spear.
The gnoll hits you with a +0 spear.
You closely miss the gnoll. You peck the gnoll.
The gnoll is severely wounded.
You closely miss the gnoll. You hit the hobgoblin. You hit the goblin.
The gnoll misses you. The gnoll hits you with a +0 club.
You die...

¤¤.~~.$ ..# ..#
.....###.##.##.
¤¤. ...........w
....##........## #
#...<.......#.#
###........#.w.##
#>................
...##....$g.ggg#.
.# #...g.g@#.....
##...g..g.gg...
#...#.......J.
.g.....###r..w.
...##...# .....
.#. ..... .... #
#.#### #.. ). ..


You could see a gnoll bouda, a worm, Robin, 5 gnolls, a dart slug, an endoplasm,
2 hobgoblins, 2 goblins and a rat.

Vanquished Creatures
  An adder (D:2)
  A dart slug (D:1)
  3 ball pythons
  4 giant cockroaches
  2 kobolds
  2 bats
  A frilled lizard (D:1)
  6 goblins
  3 rats (D:1)
23 creatures vanquished.

Vanquished Creatures (others)
  A plant (D:1)
1 creature vanquished.

Grand Total: 24 creatures vanquished

Notes
Turn   | Place    | Note
-------+----------+-------------------------------------------
     0 | D:1      | qw the Tengu Warper began the quest for the Orb.
     0 | D:1      | Reached XP level 1. HP: 12/12 MP: 4/4
     0 | D:1      | 0 ||| qw: Version: 0.1-a-89-g26bdef1
     0 | D:1      | 0 ||| qw: Game counter: 2005
     0 | D:1      | 0 ||| qw: Always use a shield: true
     0 | D:1      | 0 ||| qw: God list: Okawaru
     0 | D:1      | 0 ||| qw: Allow faded altars: false
     0 | D:1      | 0 ||| qw: Do Orc after D:15 true
     0 | D:1      | 0 ||| qw: Do second Lair branch before Depths: true
     0 | D:1      | 0 ||| qw: Lair rune preference: random
     0 | D:1      | 0 ||| qw: Plans: Normal
     0 | D:1      | 0 ||| PLANNING D:1-11
     1 | D:1      | Noticed an electric eel
    33 | D:1      | 33 ||| Stepping ~*~*~tactically~*~*~ (stealth).
    35 | D:1      | 35 ||| Stepping ~*~*~tactically~*~*~ (stealth).
    40 | D:1      | 40 ||| Stepping ~*~*~tactically~*~*~ (stealth).
    83 | D:1      | 83 ||| Stepping ~*~*~tactically~*~*~ (stealth).
   115 | D:1      | You fall into a shaft and drop 1 floor!
   116 | D:2      | 116 ||| DROPPING scroll of blinking.
   216 | D:1      | 216 ||| Stepping ~*~*~tactically~*~*~ (hiding).
   338 | D:1      | 338 ||| DROPPING +0 club.
   383 | D:1      | Found a faded altar of an unknown god.
   425 | D:1      | Reached skill level 3 in Axes
   425 | D:1      | Reached XP level 2. HP: 17/17 MP: 6/6
   488 | D:1      | 488 ||| Stepping ~*~*~tactically~*~*~ (stealth).
   607 | D:1      | 607 ||| Stepping ~*~*~tactically~*~*~ (stealth).
   895 | D:1      | 895 ||| READING scroll labelled MOOTIFF KOAVVI.
   896 | D:1      | 896 ||| READING scroll labelled UDAFFA JUNOXZI.
  1394 | D:2      | Reached XP level 3. HP: 21/21 MP: 7/7
  1420 | D:2      | Reached skill level 4 in Axes
  1889 | D:2      | Found a runed translucent door.
  1890 | D:2      | Noticed Crazy Yiuf
  1893 | D:2      | 1893 ||| READING scroll labelled ZIULEPP SITAC.
  1894 | D:2      | 1894 ||| READING scroll labelled PISITIB BUPU.
  1895 | D:2      | 1895 ||| READING scroll labelled JOLEIRH ZYMY.
  1896 | D:2      | 1896 ||| READING scroll labelled YSU ZEDDOLYM.
  1918 | D:3      | Found an ornate altar of the Wu Jian Council.
  1919 | D:3      | Noticed Robin
  1925 | D:3      | Slain by a gnoll

Levels and vault maps discovered:
D:1:      arrival_aquarium_a, layout_rooms,
          shapermc_ecumenical_altar_hornbeckon, corexii_corridor_pit,
          minmay_ruptured
D:2:      layout_loops_corners, uniq_crazy_yiuf_cottage
D:3:      layout_rooms, grunt_gozag_statues, nicolae_wu_jian_wuxing_cycle,
          mainiacjoe_overflow_tiny_flanked, minivault_27,
          corexii_leaking_fountain, kennysheep_decorative_pillar,
          saegor_snake_ambush, uniq_robin

Skill      XL: |  1  2  3 |
---------------+----------+-----
Axes           | 3 4 |  4.1
Fighting       | |  2.0
Throwing       | |  1.0
Armour         | |  1.1
Dodging        | |  2.1
Spellcasting   | |  2.0
Translocations | |  2.4

Action                   || total
-------------------------++-------
Melee: Hand axe          ||    44
       Kick              ||     6
       Peck              ||     6
       Punch             ||     1
Throw: Boomerang         ||     7
       Javelin           ||     5
  Use: Scroll            ||     6
Armor: Leather armour    ||     9
Dodge: Dodged            ||    24

Table legend:
 A = Non-vault XP
 B = Vault XP
 C = Vault XP percentage of total XP
 D = Non-vault monster count
 E = Vault monster count
 F = Vault count percentage of total count
                 A         B        C        D         E       F
            +---------+---------+-------+---------+---------+-------
      Total |      40 |      11 |  21.6 |      17 |       6 |  26.1
            +---------+---------+-------+---------+---------+-------
        D:1 |      16 |       9 |  36.0 |      10 |       5 |  33.3
        D:2 |      24 |       0 |   0.0 |       7 |       0 |   0.0
        D:3 |       0 |       2 | 100.0 |       0 |       1 | 100.0
            +---------+---------+-------+---------+---------+-------
